 Dungeon Crawl Stone Soup version 0.31-a0-240-gb923e448b6 (webtiles) character file.

Game seed: 8293209204160610662

5133 Nattfarinn the Mimic (level 10, -6/66 HPs)
             Began as an Octopode Venom Mage on July 12, 2023.
             Was an Initiate of Gozag.
             Mangled by a troll (12 damage)
             ... on level 9 of the Dungeon.
             The game lasted 00:23:41 (9774 turns).

Nattfarinn the Mimic (Octopode Venom Mage)          Turns: 9774, Time: 00:23:42

Health: -6/66      AC:  1    Str: 11    XL:     10   Next: 58%
Magic:  4/13       EV: 14    Int: 17    God:    Gozag
Gold:   910        SH:  0    Dex: 26    Spells: 0/13 levels left

rFire   . .          .
                       - Unarmed
rCold   . . .        (no shield)
rNeg    . . .        (helmet currently unavailable)
rPois   +            h - amulet of the acrobat
rElec   .            k - +4 ring of slaying
rCorr   .            m - +6 ring of dexterity
SInv    .            v - ring of poison resistance
Will    .....        C - ring of wizardry
Stlth   ++++         D - +6 ring of dexterity
HPRegen 0.31/turn    (no ring)
MPRegen 0.13/turn    (no ring)
                     (no ring)

%: acrobat, wizardry (x1)
@: beast-form
A: beast (slay +7), almost no armour, amphibious, 8 rings, camouflage 1,
gelatinous body 1, (nimble swimmer 1), tentacles
a: Renounce Religion, Potion Petition, Call Merchant, Bribe Branch


You were on level 9 of the Dungeon.
You worshipped Gozag.
Gozag was pleased with you.
You were a hulking beast.
You visited 2 branches of the dungeon, and saw 10 of its levels.

You collected 1044 gold pieces.
You paid 134 gold pieces to Gozag.

Inventory:

Hand Weapons
 f - a +0 war axe of venom
 s - a +5 falchion of electrocution
Jewellery
 h - an amulet of the acrobat (around mantle)
 k - a +4 ring of slaying (left tentacle)
 m - a +6 ring of dexterity (right tentacle)
 v - a ring of poison resistance (on tentacle)
 C - a ring of wizardry (on tentacle)
 D - a +6 ring of dexterity (on tentacle)
 H - a ring of protection from fire
Talismans
 E - a beast talisman
Wands
 p - a wand of roots (6)
 A - a wand of charming (6)
 I - a wand of digging (2)
Scrolls
 b - a scroll of fear {unknown}
 d - 4 scrolls of blinking {unknown}
 e - 3 scrolls of summoning {unknown}
 i - 5 scrolls of enchant armour {unknown}
 j - 7 scrolls of identify {unknown}
 l - a scroll of brand weapon {unknown}
 n - 2 scrolls of poison {unknown}
 u - 2 scrolls of fog {unknown}
 w - 2 scrolls of teleportation {unknown}
 y - a scroll of amnesia {unknown}
Potions
 a - a potion of magic
 c - a potion of invisibility {unknown}
 g - a potion of lignification {unknown}
 o - 4 potions of cancellation {unknown}
 q - a potion of heal wounds {unknown}
 r - 2 potions of ambrosia {unknown}
 t - 3 potions of degeneration {unknown}
 x - a potion of brilliance {unknown}
 z - a potion of attraction {unknown}
 B - a potion of mutation {unknown}
 F - a potion of enlightenment {unknown}
 G - a potion of curing


   Skills:
 + Level 5.0 Fighting
 - Level 2.0 Dodging
 - Level 2.6 Stealth
 * Level 7.0 Unarmed Combat
 - Level 2.0 Spellcasting
 - Level 1.0 Transmutations
 - Level 6.1 Poison Magic
 - Level 10.0 Shapeshifting


You couldn't memorise any spells.
You knew the following spells:

 Your Spells              Type           Power      Damage    Failure   Level
a - Sting                 Tmut/Pois      52%        1d5       1%          1
b - Poisonous Vapours     Pois/Air       24%        N/A       3%          2
c - Olgreb's Toxic Radia  Pois           22%        N/A       6%          4
d - Mephitic Cloud        Conj/Pois/Air  8%         N/A       11%         3
e - Swiftness             Air            1%         N/A       22%         3

Your spell library contained the following spells:

 Spells                   Type           Power      Damage    Failure   Level
 Passwall                 Tmut/Erth      2%         N/A       10%         2
 Ensorcelled Hibernation  Hex/Ice        2%         N/A       12%         2
 Volatile Blastmotes      Fire/Tloc      2%         2d10      22%         3
 Fulminant Prism          Conj/Hex       0%         3d5       56%         4
 Iskenderun's Mystic Bla  Conj/Tloc      1%         2d3       56%         4
 Borgnjor's Vile Clutch   Necr/Erth      0%         N/A       88%         5
 Death Channel            Necr           0%         N/A       100%        6
 Animate Dead             Necr           Unusable   N/A       N/A         4

Dungeon Overview and Level Annotations

Branches:
Dungeon (9/15)             Temple (1/1) D:7             Orc (0/2) D:9
   Lair: D:8-11

Altars:
Ashenzari
Cheibriados
Dithmenos
Elyvilon
Fedhas
Gozag
Hepliaklqana
Kikubaaqudgha
Makhleb
Nemelex Xobeh
Okawaru
Qazlal
Ru
Sif Muna
Trog
Uskayaw
Vehumet
Wu Jian
Xom
Yredelemnul
Zin
The Shining One

Shops:
D:3 [

Portals:
Abyss: D:4

Annotations:
D:4 2 transporters, Opifex's ghost, amateur OpCK
D:7 1 runed translucent door, Aspara's ghost, novice DsHu


Innate Abilities, Weirdness & Mutations

You are a hulking beast.
Your limbs bulge with bestial killing power. (Slay +7)
You cannot wear most types of armour.
You are amphibious.
You can wear up to eight rings at the same time.
Your skin changes colour to match your surroundings (Stealth+).
Your rubbery body absorbs attacks. (AC +1, EV +1)
((You are camouflaged when in or above water. (Stealth+)))
You have tentacles for arms and can constrict up to eight enemies at once.


Message History

The centaur kicks you.
You bludgeon the centaur!
The centaur is almost dead.
The centaur misses you. The centaur completely misses you. x2
The centaur barely misses you.
You batter the centaur!!
You kill the centaur!
Your Fighting skill increases to level 5!
Your Unarmed Combat skill increases to level 7!
You now have 910 gold pieces (gained 23).
You see here a +0 shortbow.
j - 7 scrolls labelled JORENNYTZU (gained 1)
Found a stone staircase leading down.
There is an open door here.
I - a wand of digging (2)
A troll is nearby!
Poisonous vapours surround the troll!
The troll is poisoned.
The troll shouts!
Poisonous vapours surround the troll!
The troll looks even sicker.
Poisonous vapours surround the troll!
The troll looks even sicker.
Poisonous vapours surround the troll!
The troll looks as sick as possible!
You close the door.
A troll opens the door.
There's nothing to close nearby.
Poisonous vapours surround the troll!
The troll looks as sick as possible!
You tentacle-slap the troll.
The troll is moderately wounded.
The troll bites you! The troll barely misses you. The troll claws you.
You tentacle-slap the troll but do no damage.
The troll is heavily wounded.
The troll bites you! The troll barely misses you. The troll claws you!
* * * LOW HITPOINT WARNING * * *
Unknown command.
You tentacle-slap the troll.
The troll is heavily wounded.
The troll bites you!
* * * LOW HITPOINT WARNING * * *
The troll claws you!
You die...
Your body crumbles into a pile of gold.

#...... #....<.#...
..... #......#.c. ...
#......D... ####'####
##....T#... #.......#
#...<.#... #.......#
#.....#... #.......#
.........#... #?.....T#
.........#...
#......h#######.....#...
########......#.....#...
#......#.....#...
#......#######...
#......'.....#...
#......#.....#...
#......#.....#...
########......#..####...
#.......#######..#......


You could see a troll (very poisoned).

Vanquished Creatures
  A yaktaur (shapeshifter) (D:8)
  Sigmund (D:4)
  A wraith (D:8)
  3 yaks (D:8)
  2 steam dragons (D:8)
  Menkaure (D:7)
  2 acid dragons
  2 ice beasts
  An orc warrior (D:6)
  A black bear (D:8)
  3 ogres (D:5)
  2 centaurs
  2 kobold brigands (D:8)
  4 bullfrogs
  3 scorpions
  8 wights
  11 killer bees
  5 howler monkeys
  7 hounds
  6 orc priests
  A gnoll bouda (D:5)
  3 jellies
  2 sleepcaps
  Terence (D:3)
  3 iguanas
  5 orc wizards
  7 gnolls
  6 adders
  A shadow imp (D:8)
  2 white imps
  4 ufetubi
  4 worms
  4 dart slugs
  28 orcs
  4 bats
  9 endoplasms
  6 giant cockroaches
  4 hobgoblins
  2 jackals (D:1)
  14 kobolds
  8 quokkas
  6 ball pythons
  4 frilled lizards
  6 goblins
  8 rats
208 creatures vanquished.

Notes
Turn   | Place    | Note
-------+----------+-------------------------------------------
     0 | D:1      | Nattfarinn the Octopode Venom Mage began the quest for the
                  | Orb.
     0 | D:1      | Reached XP level 1. HP: 11/11 MP: 3/3
   156 | D:1      | Reached XP level 2. HP: 13/17 MP: 1/5
   542 | D:1      | Reached XP level 3. HP: 14/21 MP: 4/6
   544 | D:1      | Reached skill level 5 in Poison Magic
  1294 | D:2      | Learned a level 2 spell: Poisonous Vapours
  1384 | D:2      | Reached XP level 4. HP: 15/27 MP: 1/7
  1638 | D:2      | Learned a level 4 spell: Olgreb's Toxic Radiance
  1810 | D:3      | Found a white marble altar of Elyvilon.
  1903 | D:3      | Found an ancient bone altar of Kikubaaqudgha.
  2148 | D:3      | Reached skill level 1 in Shapeshifting
  2382 | D:3      | Found a faded altar of an unknown god.
  2415 | D:3      | Reached XP level 5. HP: 31/31 MP: 8/8
  2514 | D:3      | Found Lucall's Antique Armour Shoppe.
  2528 | D:3      | Noticed Terence
  2554 | D:3      | Killed Terence
  2555 | D:3      | Reached skill level 2 in Shapeshifting
  2880 | D:4      | Noticed Sigmund
  3162 | D:4      | Reached skill level 3 in Shapeshifting
  3162 | D:4      | Reached XP level 6. HP: 31/36 MP: 4/9
  3394 | D:4      | Found a transporter.
  3402 | D:4      | Found a transporter.
  3435 | D:4      | Killed Sigmund
  3436 | D:4      | Reached skill level 4 in Shapeshifting
  3436 | D:4      | Reached XP level 7. HP: 30/41 MP: 1/10
  3526 | D:4      | Found a shimmering blue altar of Sif Muna.
  3535 | D:4      | Reached skill level 5 in Shapeshifting
  4035 | D:4      | Found a one-way gate to the infinite horrors of the Abyss.
  4035 | D:4      | Noticed Opifex's ghost (amateur OpCK)
  4278 | D:4      | Found a burning altar of Makhleb.
  4373 | D:5      | Entered Level 5 of the Dungeon
  4706 | D:5      | Reached skill level 6 in Shapeshifting
  4777 | D:5      | Reached XP level 8. HP: 46/46 MP: 11/11
  5135 | D:5      | Learned a level 3 spell: Mephitic Cloud
  5571 | D:5      | Reached skill level 7 in Shapeshifting
  6475 | D:6      | Reached skill level 8 in Shapeshifting
  6801 | D:6      | Reached XP level 9. HP: 45/51 MP: 12/12
  6927 | D:6      | Reached skill level 9 in Shapeshifting
  7225 | D:7      | Found a staircase to the Ecumenical Temple.
  7230 | Temple   | Entered the Ecumenical Temple
  7282 | Temple   | Became a worshipper of Gozag Ym Sagoz the Greedy
  7555 | D:7      | Noticed Menkaure
  7563 | D:7      | Killed Menkaure
  7646 | D:7      | Found a runed translucent door.
  7647 | D:7      | Noticed Aspara's ghost (novice DsHu)
  7662 | D:7      | Found a shadowy altar of Dithmenos.
  7670 | D:7      | Reached skill level 10 in Shapeshifting
  7821 | D:7      | Found a bloodstained altar of Trog.
  7825 | D:7      | Found an ornate altar of the Wu Jian Council.
  7829 | D:7      | Found a sparkling altar of Nemelex Xobeh.
  7831 | D:7      | Found a blossoming altar of Fedhas.
  7832 | D:7      | Found a snail-covered altar of Cheibriados.
  7833 | D:7      | Found a hide-covered altar of Uskayaw.
  7984 | D:7      | Found a hazy altar of Hepliaklqana.
  8240 | D:8      | Reached skill level 1 in Fighting
  8241 | D:8      | Reached skill level 1 in Unarmed Combat
  8593 | D:8      | Noticed a yaktaur
  8601 | D:8      | Killed a yaktaur
  8602 | D:8      | Reached XP level 10. HP: 59/63 MP: 0/13
  8611 | D:8      | Reached skill level 5 in Unarmed Combat
  9348 | D:9      | Found a staircase to the Orcish Mines.
  9442 | D:9      | Learned a level 3 spell: Swiftness
  9711 | D:9      | Reached skill level 5 in Fighting
  9774 | D:9      | Mangled by a troll

Illustrated notes

Levels and vault maps discovered:
D:1:      dpeg_arrival_three_same_balls, layout_loops_ring, minivault_11
D:2:      layout_rooms
D:3:      layout_loops_corners, elyvilon_altar_5,
          mainiacjoe_overflow_surrounded_room, serial_shops,
          nicolae_shop_waterfront, ebering_ecumenical_altar_mist,
          minmay_misc_feat_alley, minmay_between, uniq_terence
D:4:      layout_gridville, mainiacjoe_overflow_catwalk_spiral,
          gammafunk_ghost_abyssal_escape, minmay_misc_feat_enclosed,
          grunt_ministairs_8, uniq_sigmund
D:5:      layout_basic
D:6:      layout_rooms
D:7:      layout_gridville, general_overflow_altar,
          mainiacjoe_overflow_tiny_flanked, minitemple,
          minmay_temple_entry_arrows, gammafunk_ghost_grave, uniq_menkaure
D:8:      layout_rooms, grunt_potential
D:9:      layout_gridville, orc_david_3, corexii_hall_statues_i
Temple:   nicolae_temple_ecumenical_triangle

Skill      XL: |  1  2  3  4  5  6  7  8  9 10 |
---------------+-------------------------------+-----
Poison Magic   | 4 5 6 |  6.1
Shapeshifting  | 1 3 4 6 8 10 | 10.0
Fighting       | 3 5 |  5.0
Unarmed Combat | 4 7 |  7.0
Dodging        | |  2.0
Stealth        | |  2.6
Spellcasting   | |  2.0
Transmutations | |  1.0

Action                     |  1- 3 |  4- 6 |  7- 9 | 10-12 || total
---------------------------+-------+-------+-------+-------++-------
  Melee: Unarmed           |    15 |       |       |    25 ||    40
         Tentacles         |     8 |     8 |    23 |    11 ||    50
         Constrict         |    10 |    12 |    38 |     7 ||    67
         Punch             |     1 |       |     3 |     1 ||     5
         War axe           |    33 |    34 |       |       ||    67
         Falchion          |       |    12 |   120 |    17 ||   149
   Cast: Sting             |    32 |       |       |       ||    32
         Poisonous Vapours |     6 |    32 |    36 |     6 ||    80
         Olgreb's Toxic Ra |       |     4 |    25 |     6 ||    35
  Evoke: Wand              |       |       |       |     1 ||     1
    Use: Potion            |       |       |     2 |       ||     2
   Stab: Sleeping          |     2 |     7 |     5 |       ||    14
         Distracted        |       |       |     1 |     1 ||     2
         Betrayed ally     |       |       |       |     1 ||     1
 Armour: Skin              |     7 |     3 |     2 |     2 ||    14
  Dodge: Dodged            |    40 |    28 |    90 |    31 ||   189
   Form: Beast             |       |       |     1 |       ||     1

Table legend: (Time is in decaauts)
 A = Elapsed time spent in this place.
 B = Non-inter-level travel time spent in this place.
 C = Inter-level travel time spent in this place.
 D = Time resting spent in this place.
 E = Time spent auto-exploring this place.
 F = Levels seen in this place.
 G = Mean time per level.
                   A        B        C        D        E       F      G
               +--------+--------+--------+--------+--------+-----+--------+
         Total |   9857 |   9422 |    435 |   1627 |   6253 |  10 |  985.7 |
       Dungeon |   9796 |   9385 |    411 |   1627 |   6221 |   9 | 1088.4 |
        Temple |     61 |     38 |     23 |      0 |     32 |   1 |   61.0 |
               +--------+--------+--------+--------+--------+-----+--------+

Top non-repeatable levels by time:
     D:5: 1748 daAuts
     D:4: 1622 daAuts
     D:3: 1235 daAuts
     D:1: 1167 daAuts
     D:8: 1098 daAuts
     D:7: 949 daAuts
     D:6: 832 daAuts
     D:2: 662 daAuts
     D:9: 481 daAuts
  Temple: 61 daAuts
